 Dungeon Crawl Stone Soup version 0.30-a0-782-ge64f9170bb (console) character file.

Game seed: 5183487506913805372

420 utis the Trooper (level 6, 0/60 HPs)
             Began as a Tengu Wanderer on Mar 9, 2023.
             Slain by a killer bee (2 damage)
             ... on level 4 of the Dungeon.
             The game lasted 00:09:37 (3602 turns).

utis the Trooper (Tengu Wanderer)                   Turns: 3602, Time: 00:09:38

Health: 0/60       AC: 23    Str: 15    XL:     6   Next: 94%
Magic:  7/7        EV:  2    Int: 13    God:
Gold:   319        SH:  0    Dex: 12    Spells: 5/5 levels left

rFire   . . .      SeeInvis .    m - +1 long sword (holy)
rCold   . . .      Faith    .    (no shield)
rNeg    + . .      Spirit   .    (body armour currently unavailable)
rPois   +          Reflect  .    (helmet currently unavailable)
rElec   .          Harm     .    (cloak currently unavailable)
rCorr   .          Rampage  .    (gloves currently unavailable)
Will    .....      NoTele   +    (boots unavailable)
Stlth   ++                       (no amulet)
HPRegen 0.30/turn                E - +5 ring of evasion
MPRegen 0.10/turn                N - ring of positive energy

@: lethally poisoned (0 -> -4), tree-form
A: stationary, stasis, torment immunity, boosted hp, (beak), (talons 3), nimble
flight
a: no special abilities


You were on level 4 of the Dungeon.
You were a tree.
You visited 1 branch of the dungeon, and saw 5 of its levels.

You collected 319 gold pieces.

Inventory:

Hand Weapons
 a - a +1 spear
 m - a +1 long sword of holy wrath (weapon)
 q - a +0 trident
Missiles
 j - 22 stones (quivered)
 k - 10 poisoned darts
 l - 2 javelins
 A - 3 throwing nets {=f}
Armour
 e - a +0 leather armour
 n - a +0 ring mail (melded)
Jewellery
 E - a +5 ring of evasion (left branch)
 H - an amulet of faith {!P}
 I - a +6 ring of intelligence
 N - a ring of positive energy (right branch)
Wands
 t - a wand of mindburst (10)
Scrolls
 b - 2 scrolls of fear
 c - a scroll of blinking
 d - 5 scrolls of teleportation {@r4}
 h - a scroll of poison
 w - a scroll of noise
Potions
 f - 2 potions of degeneration {@e1}
 g - a potion of flight
 i - 2 potions of attraction {unknown}
 p - a potion of heal wounds {@q2}
 r - a potion of magic {unknown}
 s - 2 potions of haste {@q3}
 v - a potion of might {unknown}
 B - a potion of curing {unknown}


   Skills:
 + Level 5.3 Fighting
 - Level 1.0 Long Blades
 - Level 2.0 Polearms
 - Level 2.0 Throwing
 + Level 3.5 Dodging
 - Level 2.0 Stealth
 - Level 3.2 Unarmed Combat
 - Level 1.0 Invocations
 - Level 3.0 Evocations


You had 5 spell levels left.
You didn't know any spells.
Your spell library was empty.

Dungeon Overview and Level Annotations

Branches:
Dungeon (5/15)
 Temple: D:4-7

Altars:
Dithmenos
Okawaru
Sif Muna
Trog
Uskayaw
Yredelemnul


Innate Abilities, Weirdness & Mutations

You are a tree.
Your roots penetrate the ground, keeping you stationary.
You cannot be teleported.
You are immune to unholy pain and torment.
Your maximum health is greatly increased.
Your equipment is partially melded.
((You have a beak for a mouth.))
((You have claws for feet.))
Your magical nature lets you fly swiftly and evasively.


Message History

The killer bee completely misses you. x2
You feel sick.
The killer bee buzzes angrily.
The killer bee stings you but does no damage.
The killer bee barely misses you.
You fly upwards.
You feel sick.
There is a stone staircase leading down here.
You hit the killer bee. Your kick misses the killer bee.
The killer bee is heavily wounded.
You feel sick. The killer bee closely misses you.
The killer bee stings you but does no damage.
The killer bee barely misses you.
You hit the killer bee. You claw the killer bee.
The killer bee is severely wounded.
You feel sick. The killer bee stings you!
* * * LOW HITPOINT WARNING * * *
You are more poisoned.
The killer bee poisons you! The killer bee barely misses you. x2
You barely miss the killer bee.
The killer bee is severely wounded.
You feel very sick. The killer bee stings you.
* * * LOW HITPOINT WARNING * * *
The killer bee completely misses you.
You are too injured to fight recklessly!
You hit the killer bee. Your kick misses the killer bee.
Your peck misses the killer bee.
The killer bee is almost dead.
You feel very sick.
The killer bee stings you but does no damage.
The killer bee stings you!
* * * LOW HITPOINT WARNING * * *
The killer bee completely misses you.
Really quaff the potion of lignification?
You turn into a tree.
Your +0 ring mail melds into your body.
Your roots penetrate the ground.
* * * LOW HITPOINT WARNING * * *
You feel sick.
The killer bee stings you but does no damage.
The killer bee stings you.
You die...

░░░░░░░░░░
.........░
░░░░░░░░.░
░....░.░ ░....░.░
░░░.[..░.░░░░░░░░░
................♣░
.......░░░░░░░░░y░
░░░░░░.░ ░.░
░.░░░░.░ ░.░
░......░ ░.░
░.░░░░░░░░
░░░.░░░░
.........░
░......░
░.....░░.░
░.░.░░.░
....░..░.░
░...░░.░


You could see a killer bee.

Vanquished Creatures
  An ogre (D:4)
  A necrophage (D:4)
  A killer bee (D:4)
  2 hounds (D:4)
  An orc priest (D:3)
  6 adders
  An ufetubus (D:4)
  A worm (D:2)
  4 dart slugs
  5 orcs (D:3)
  4 endoplasms
  2 giant cockroaches
  8 hobgoblins
  6 kobolds
  2 quokkas (D:1)
  8 ball pythons
  4 bats
  6 frilled lizards
  5 goblins
  6 rats
74 creatures vanquished.

Notes
Turn   | Place    | Note
-------+----------+-------------------------------------------
     0 | D:1      | utis the Tengu Wanderer began the quest for the Orb.
     0 | D:1      | utis set off with the following items: a +1 spear, a scroll
                  | of fear, a scroll of blinking, a scroll of teleportation
                  | {@r4}, a +0 leather armour.
     0 | D:1      | Reached XP level 1. HP: 15/15 MP: 2/2
    94 | D:1      | Reached XP level 2. HP: 20/20 MP: 3/3
   130 | D:1      | Reached skill level 1 in Dodging
   998 | D:2      | Reached XP level 3. HP: 24/24 MP: 4/4
  1534 | D:2      | Reached XP level 4. HP: 30/30 MP: 5/5
  2184 | D:3      | Gained mutation: Your magical nature lets you fly swiftly
                  | and evasively. [Tengu growth]
  2184 | D:3      | Reached XP level 5. HP: 16/34 MP: 6/6
  2570 | D:4      | Noticed an ogre
  2577 | D:4      | Killed an ogre
  2578 | D:4      | Reached skill level 1 in Throwing
  2578 | D:4      | Reached skill level 1 in Stealth
  2578 | D:4      | Reached XP level 6. HP: 23/40 MP: 7/7
  2897 | D:4      | Reached skill level 5 in Fighting
  3142 | D:4      | Found a bloodstained altar of Trog.
  3142 | D:4      | Found a hide-covered altar of Uskayaw.
  3142 | D:4      | Found a shimmering blue altar of Sif Muna.
  3142 | D:4      | Found an iron altar of Okawaru.
  3148 | D:4      | Found a shadowy altar of Dithmenos.
  3170 | D:4      | Found a basalt altar of Yredelemnul.
  3212 | D:4      | Reached skill level 1 in Long Blades
  3363 | D:5      | Entered Level 5 of the Dungeon
  3601 | D:4      | HP: 2/40 [killer bee (7)]
  3602 | D:4      | Slain by a killer bee

Illustrated notes

Levels and vault maps discovered:
D:1:      lightli_molten_gateway, layout_rooms
D:2:      layout_basic
D:3:      layout_rooms
D:4:      layout_basic, minmay_overflow_temple_hex
D:5:      layout_basic, lemuel_crystal_altar,
          nicolae_gozag_cash_rules_everything_around_me,
          kennysheep_another_room, minmay_misc_feat_four_crosses

Skill      XL: |  1  2  3  4  5  6 |
---------------+-------------------+-----
Dodging        | 1 2 3 |  3.5
Polearms       | 2 |  2.0
Evocations     | 2 3 |  3.0
Throwing       | 1 2 |  2.0
Stealth        | 1 2 |  2.0
Fighting       | 5 |  5.3
Long Blades    | 1 |  1.0
Unarmed Combat | |  3.2
Invocations    | |  1.0

Action                     |  1- 3 |  4- 6 || total
---------------------------+-------+-------++-------
  Melee: Spear             |    43 |       ||    43
         Kick              |    14 |    29 ||    43
         Long sword        |    38 |   122 ||   160
         Peck              |     7 |    15 ||    22
         Punch             |     2 |     2 ||     4
  Throw: Stone             |     5 |     7 ||    12
         Javelin           |       |     5 ||     5
    Use: Scroll            |     2 |    10 ||    12
         Potion            |       |     1 ||     1
 Armour: Leather armour    |    10 |       ||    10
         Ring mail         |     7 |    21 ||    28
         Skin              |       |     1 ||     1
  Dodge: Dodged            |    51 |   127 ||   178

Table legend: (Time is in decaauts)
 A = Elapsed time spent in this place.
 B = Non-inter-level travel time spent in this place.
 C = Inter-level travel time spent in this place.
 D = Time resting spent in this place.
 E = Time spent auto-exploring this place.
 F = Levels seen in this place.
 G = Mean time per level.
                   A        B        C        D        E       F      G
               +--------+--------+--------+--------+--------+-----+--------+
         Total |   3593 |   3370 |    223 |    727 |   1883 |   5 |  718.6 |
       Dungeon |   3593 |   3370 |    223 |    727 |   1883 |   5 |  718.6 |
               +--------+--------+--------+--------+--------+-----+--------+

Top non-repeatable levels by time:
     D:4: 1076 daAuts
     D:2: 885 daAuts
     D:1: 849 daAuts
     D:3: 710 daAuts
     D:5: 72 daAuts
